 Dungeon Crawl Stone Soup version 0.31.0 (webtiles) character file.

Game seed: 1626739988566930059

122 qw the Shooter (level 5, -3/32 HPs)
             Began as a Gargoyle Hunter on Jan 19, 2024.
             Slain by Robin
             ... wielding a +0 spear
              (4 damage)
             ... on level 3 of the Dungeon.
             The game lasted 00:00:10 (1861 turns).

qw the Shooter (Gargoyle Hunter)                    Turns: 1861, Time: 00:00:11

Health: -3/32      AC:  7    Str: 15    XL:     5   Next: 6%
Magic:  5/5        EV: 11    Int:  9    God:
Gold:   171        SH:  0    Dex: 15    Spells: 4/4 levels left

rFire   . . .        a - +0 shortbow
rCold   . . .        (shield currently unavailable)
rNeg    + . .        c - +0 leather armour
rPois   inf          (no helmet)
rElec   +            (no cloak)
rCorr   .            (no gloves)
SInv    .            (no boots)
Will    .....        (no amulet)
Stlth   ++           (no ring)
HPRegen 0.25/turn    (no ring)
MPRegen 0.09/turn

%: no passive effects
@: no status effects
A: sickness immunity, AC +4, negative energy resistance 1, electricity
resistance, torment resistance 1, petrification resistance
a: no special abilities


You were on level 3 of the Dungeon.
You visited 1 branch of the dungeon, and saw 3 of its levels.

You collected 171 gold pieces.


Innate Abilities, Weirdness & Mutations

You are immune to sickness and miasma.
Your stone body is resilient. (AC +4)
You are immune to poison.
You resist negative energy. (rN+)
You are resistant to electric shocks. (rElec)
You are resistant to unholy torment.
You are immune to petrification.


   Skills:
 - Level 3.0 Fighting
 + Level 5.9 Ranged Weapons
 - Level 1.5 Dodging
 - Level 1.1 Stealth


You had 4 spell levels left.
You didn't know any spells.
Your spell library was empty.

Inventory:

Hand Weapons
 a - a +0 shortbow (weapon)
Armour
 c - a +0 leather armour (worn)
Jewellery
 b - an amulet of magic regeneration
Wands
 g - a wand of charming (7)
Potions
 d - a potion of degeneration {unknown}
 e - a potion of brilliance {unknown}
 f - a potion of magic {unknown}
 h - a potion of mutation {unknown}

Dungeon Overview and Level Annotations

Branches:
Dungeon (3/15)

Altars:

Shops:
D:2 [

Annotations:
D:3 Robin


Message History

Robin hits you but does no damage.
The hobgoblin hits you but does no damage.
The goblin hits you with a +0 club. The goblin hits you with a +0 dagger.
You shoot an arrow. The arrow misses the goblin.
The hobgoblin no longer looks unusually strong.
Robin hits you but does no damage. The goblin hits you but does no damage.
The goblin barely misses you.
You shoot an arrow.
The arrow hits the goblin but does no damage.
The goblin is severely wounded.
Robin roars a battlecry!
The goblins go into a battle-frenzy!
The hobgoblin closely misses you.
A goblin comes into view. It is wielding a +0 club.
The goblin hits you with a +0 dagger. The goblin hits you with a +0 club.
The goblin shouts!
You shoot an arrow. The arrow barely misses the goblin.
Robin hits you from afar with a +0 spear.
The goblin hits you but does no damage. The goblin misses you.
You shoot an arrow. The arrow hits the goblin.
You kill the goblin!
The hobgoblin closely misses you.
Robin says, "Duck!"
Robin hits you but does no damage. The goblin hits you but does no damage.
A hobgoblin comes into view.
The hobgoblin hits you but does no damage.
The goblin closely misses you. Robin misses you.
You shoot an arrow. The arrow hits the hobgoblin!
You kill the hobgoblin!
Robin's horned helmet rattles.
Robin hits you but does no damage. The goblin barely misses you.
You shoot an arrow. The arrow hits the hobgoblin.
The hobgoblin is moderately wounded.
Robin throws the goblin at you! The hobgoblin hits you.
The goblin hits you but does no damage. x2
You shoot an arrow. The arrow barely misses the hobgoblin.
The arrow hits Robin.
Robin is heavily wounded.
Robin hits you from afar with a +0 spear.
You die...
Robin calls out, "Let's celebrate!
Time for a feast!"

. .. ...##
......
...gg###
#ggg### #@g.#
#########
###.#
#........
#######.##
#........
#........#
#........
#........#
#......).
#........###
####..)#.
#).........#
#..%#.
#.......##.#
#...#.
##########.##
#...##


You could see Robin, 3 hobgoblins and 2 goblins.

Vanquished Creatures
  2 adders
  3 gnolls (D:3)
  A ribbon worm (D:2)
  A dart slug (D:2)
  3 orcs (D:3)
  6 ball pythons
  8 bats
  3 endoplasms
  2 giant cockroaches (D:1)
  15 goblins
  5 hobgoblins
  A quokka (D:1)
  4 frilled lizards (D:1)
  6 kobolds
  5 rats
65 creatures vanquished.

Notes
Turn   | Place    | Note
-------+----------+-------------------------------------------
     0 | D:1      | qw the Gargoyle Hunter began the quest for the Orb.
     0 | D:1      | Reached XP level 1. HP: 12/12 MP: 1/1
     0 | D:1      | 0 ||| qw: Version: 0.3-a-132-g3d54051
     0 | D:1      | 0 ||| qw: Game counter: 171
     0 | D:1      | 0 ||| qw: Melee chars always use a shield: true
     0 | D:1      | 0 ||| qw: God list: Okawaru
     0 | D:1      | 0 ||| qw: Allow faded altars: false
     0 | D:1      | 0 ||| qw: Do Orc after clearing Dungeon:15 true
     0 | D:1      | 0 ||| qw: Do second Lair branch before Depths: true
     0 | D:1      | 0 ||| qw: Lair rune preference: random
     0 | D:1      | 0 ||| qw: Goals: Normal
     0 | D:1      | 0 ||| PLANNING D:1-11
    13 | D:1      | Found a faded altar of an unknown god.
    63 | D:1      | Reached XP level 2. HP: 16/17 MP: 2/2
   249 | D:1      | HP: 4/17 [kobold/+0 dagger (3)]
   252 | D:1      | Reached XP level 3. HP: 6/21 MP: 3/3
   377 | D:1      | Reached skill level 5 in Ranged Weapons
   664 | D:1      | 664 ||| READING 2 scrolls labelled CAYWNY US BAER.
   765 | D:1      | 765 ||| DROPPING scroll of butterflies.
   766 | D:1      | 766 ||| DROPPING scroll of vulnerability.
   912 | D:2      | 912 ||| FLEEEEING.
   959 | D:2      | Reached skill level 3 in Fighting
  1362 | D:2      | Found Acung's Antique Armour Emporium.
  1367 | D:2      | 1367 ||| SHOPLISTING pair of boots (108 gold, have 65).
  1367 | D:2      | 1367 ||| SHOPLISTING pair of glowing boots (180 gold, have
                  | 65).
  1367 | D:2      | 1367 ||| SHOPLISTING ring mail (96 gold, have 65).
  1367 | D:2      | 1367 ||| SHOPLISTING translucent robe (136 gold, have 65).
  1402 | D:2      | Reached XP level 4. HP: 28/28 MP: 4/4
  1485 | D:2      | 1485 ||| READING scroll labelled REMISY IZUKAU.
  1486 | D:2      | 1486 ||| READING scroll labelled TIOPIN IRYFOSA.
  1486 | D:2      | 1486 ||| ENCHANTING +0 shortbow.
  1487 | D:2      | 1487 ||| READING scroll labelled GEBYSA OHOJA.
  1523 | D:3      | 1523 ||| STAIRDANCE
  1574 | D:3      | 1574 ||| RETREEEEATING.
  1575 | D:3      | 1575 ||| RETREEEEATING.
  1581 | D:3      | HP: 7/28 [gnoll/+0 spear (3)]
  1585 | D:3      | 1585 ||| FLEEEEING.
  1837 | D:3      | Noticed Robin
  1847 | D:3      | Reached XP level 5. HP: 18/32 MP: 5/5
  1856 | D:3      | HP: 5/32 [goblin/+0 dagger[Robin] (5)]
  1857 | D:3      | HP: 2/32 [Robin/+0 spear (2)]
  1861 | D:3      | Slain by Robin

Levels and vault maps discovered:
D:1:      enne_arrival_octagon_isle, layout_rooms,
          nicolae_ecumenical_snake_handling, chequers_serial_rivers_small_a,
          chequers_serial_rivers_micro_e, minmay_misc_feat_tower,
          interstate_on_off, minmay_misc_feat_cross,
          nicolae_figureground_sparkle
D:2:      layout_loops_ring, serial_shops, nicolae_shop_hallway_stairs,
          minivault_23, nicolae_hexahallways
D:3:      layout_basic, uniq_robin

Skill      XL: |  1  2  3 |
---------------+----------+-----
Ranged Weapons | 5 |  5.9
Fighting       | 3 |  3.0
Dodging        | |  1.5
Stealth        | |  1.1

Action                     |  1- 3 |  4- 6 || total
---------------------------+-------+-------++-------
   Fire: Shortbow          |   110 |    74 ||   184
    Use: Scroll            |     1 |     3 ||     4
 Armour: Leather armour    |    31 |    46 ||    77
  Dodge: Dodged            |    31 |    32 ||    63

Table legend:
 A = Non-vault XP
 B = Vault XP
 C = Vault XP percentage of total XP
 D = Non-vault monster count
 E = Vault monster count
 F = Vault count percentage of total count
                 A         B        C        D         E       F
            +---------+---------+-------+---------+---------+-------
      Total |     155 |      20 |  11.4 |      54 |      11 |  16.9
            +---------+---------+-------+---------+---------+-------
        D:1 |      46 |       4 |   8.0 |      28 |       3 |   9.7
        D:2 |      33 |       0 |   0.0 |      11 |       0 |   0.0
        D:3 |      76 |      16 |  17.4 |      15 |       8 |  34.8
            +---------+---------+-------+---------+---------+-------
